 Dungeon Crawl Stone Soup version 0.31-a0-879-g1609e0ac53 (webtiles) character file.

Game seed: 10819436051464675760

163288 wvc the Earth Mage (level 17, -2/102 HPs)
             Began as a Gargoyle Earth Elementalist on Oct 13, 2023.
             Was the Champion of the Shining One.
             Killed from afar by Roxanne (24 damage)
             ... with a bolt of magma
             ... on level 14 of the Dungeon on Oct 14, 2023.
             The game lasted 01:55:42 (35166 turns).

wvc the Earth Mage (Gargoyle Earth Elementalist)   Turns: 35166, Time: 01:55:43

Health: -2/102     AC: 29    Str: 17    XL:     17   Next: 53%
Magic:  44/49      EV: 15    Int: 27    God:    the Shining One [******]
Gold:   1662       SH:  0    Dex: 10    Spells: 30/45 levels left

rFire   + . .        g - +11 morningstar "Mogul" {flame, Int+3}
rCold   . . .        (no shield)
rNeg    + + +        F - +1 swamp dragon scales
rPois   ∞            y - +2 helmet
rElec   +            l - +1 cloak
rCorr   .            N - +2 pair of gloves of Decost {rF+ Str+5}
SInv    .            o - +0 pair of boots
Will    +....        G
                       - Hermit's Pendant {Faith Invo=14 Evo=0 MP+5}
Stlth   +            f - +5 ring of evasion
HPRegen 0.37/turn    A - ring of magical power
MPRegen 0.31/turn

%: faith
@: flying, glowing
A: sickness immunity, AC +12, big wings, negative energy resistance 1,
electricity resistance, torment resistance 1, petrification resistance
}: 1/15 runes: gossamer
a: Renounce Religion, Divine Shield, Cleansing Flame, Summon Divine Warrior,
Brand Weapon With Holy Wrath


You were on level 14 of the Dungeon.
You worshipped the Shining One.
The Shining One was exalted by your worship.
You visited 5 branches of the dungeon, and saw 26 of its levels.
You also visited: Ossuary and Gauntlet.

You collected 2504 gold pieces.
You spent 842 gold pieces at shops.

Inventory:

Hand Weapons
 g - the +11 morningstar "Mogul" (weapon) {flame, Int+3}
   (You found it on level 1 of the Spider Nest)

   Int+3:     It affects your intelligence (+3).
 Q - the +7 flail "Woukloiw" {holy, rC+ Will+}
   (You bought it in a shop on level 9 of the Dungeon)

   rC+:       It protects you from cold.
   Will+:     It increases your willpower.
Missiles
 w - 61 poisoned darts
Armour
 l - a +1 cloak (worn)
 o - a +0 pair of boots (worn)
 y - a +2 helmet (worn)
 F - +1 swamp dragon scales (worn)
 N - the +2 pair of gloves of Decost (worn) {rF+ Str+5}
   (You acquired it on level 11 of the Dungeon)

   Str+5:     It affects your strength (+5).
   rF+:       It protects you from fire.
Magical Staves
 i - a staff of conjuration
 q - a staff of fire
 r - a staff of earth
 Y - a staff of poison
Jewellery
 f - a +5 ring of evasion (left hand)
 u - a +6 ring of dexterity
 v - the ring "Peipt" {Fly rCorr}
   (You found it in a Gauntlet)

   [ring of flight]

   Fly:       It grants you flight.
   rCorr:     It protects you from acid and corrosion.
 A - a ring of magical power (right hand)
 G - the Hermit's Pendant (around neck) {Faith Invo=14 Evo=0 MP+5}
   (You found it on level 7 of the Dungeon)

   [amulet of faith]

   Invo=14: It sets your Invocations skill to 14.
   Evo=0: It sets your Evocations skill to 0.
   Faith:     It allows you to gain divine favour quickly.
   MP+5:      It affects your magic capacity (+5).
Wands
 e - a wand of iceblast (3)
 k - a wand of flame (23)
 C - a wand of digging (11)
 E - a wand of paralysis (25)
 I - a wand of mindburst (8)
 J - a wand of polymorph (10)
 P - a wand of acid (15)
Scrolls
 a - 10 scrolls of identify
 c - 6 scrolls of fog
 h - 2 scrolls of poison
 t - 5 scrolls of blinking
 x - 2 scrolls of revelation
 B - 10 scrolls of teleportation
 H - 3 scrolls of fear
 K - 5 scrolls of immolation
 L - 3 scrolls of enchant weapon
 M - 2 scrolls of enchant armour
 O - a scroll of brand weapon
 S - 3 scrolls of vulnerability
 T - 4 scrolls of amnesia
 Z - a scroll of summoning
Potions
 b - 2 potions of magic
 d - 6 potions of lignification
 j - 10 potions of enlightenment
 m - 4 potions of brilliance
 n - 17 potions of curing
 p - 3 potions of haste
 s - 6 potions of mutation
 z - 6 potions of attraction
 D - 2 potions of invisibility
 R - 2 potions of resistance
 U - 4 potions of might
 V - a potion of berserk rage {unknown}
 W - 2 potions of cancellation
 X - 4 potions of ambrosia


   Skills:
 - Level 10.0 Fighting
 - Level 14.0 Maces & Flails
 - Level 1.5 Dodging
 - Level 2.1 Stealth
 + Level 14.6 Spellcasting
 + Level 14.0 Conjurations
 - Level 0.7 Transmutations
 - Level 18.0 Earth Magic
 - Level 10.0 Poison Magic


You had 30 spell levels left.
You knew the following spells:

 Your Spells              Type           Power      Damage    Failure   Level
a - Sandblast             Erth           100%       2d20      0%          1
b - Stone Arrow           Conj/Erth      100%       3d13      1%          3
c - Apportation           Tloc           38%        N/A       4%          1
d - Olgreb's Toxic Radia  Pois           65%        N/A       1%          4
e - Bombard               Conj/Erth      41%        9d7       1%          6

Your spell library contained the following spells:

 Spells                   Type           Power      Damage    Failure   Level
 Foxfire                  Conj/Fire      100%       2x1d9     1%          1
 Sting                    Tmut/Pois      100%       1d8       1%          1
 Passwall                 Tmut/Erth      52%        N/A       1%          2
 Poisonous Vapours        Pois/Air       92%        N/A       1%          2
 Static Discharge         Conj/Air       100%       2-7/arc   1%          2
 Mephitic Cloud           Conj/Pois/Air  58%        N/A       1%          3
 Brom's Barrelling Bould  Conj/Erth      82%        2d9       1%          4
 Petrify                  Tmut/Erth      63%        N/A       1%          4
 Flame Wave               Conj/Fire      55%        2d13      2%          4
 Sticky Flame             Conj/Fire      55%        2d7       2%          4
 Ignite Poison            Fire/Tmut/Pois 39%        N/A       3%          3
 Necrotise                Necr           76%        1d7       4%          1
 Jinxbite                 Hex            38%        N/A       8%          2
 Lesser Beckoning         Tloc           38%        N/A       8%          2
 Scorch                   Fire           38%        2d6       8%          2
 Frozen Ramparts          Ice            38%        1d6       16%         3
 Gell's Gravitas          Tloc           19%        N/A       16%         3
 Teleport Other           Tloc           19%        N/A       16%         3
 Tukima's Dance           Hex            19%        N/A       16%         3
 Vampiric Draining        Necr           19%        2d7       16%         3
 Alistair's Intoxication  Tmut/Pois      32%        N/A       16%         5
 Freezing Cloud           Conj/Ice/Air   22%        6-21      21%         5
 Starburst                Conj/Fire      27%        6d9       38%         6
 Airstrike                Air            9%         2d(2-18)  45%         4
 Summon Lightning Spire   Summ/Air       19%        N/A       45%         4
 Agony                    Necr           19%        N/A       80%         5
 Metabolic Englaciation   Hex/Ice        9%         N/A       80%         5
 Dispersal                Tloc           9%         N/A       100%        6
 Plasma Beam              Fire/Air       9%         2x1d20    100%        6
 Summon Cactus Giant      Summ           9%         N/A       100%        6
 Ignition                 Fire           9%         3d5       100%        8


Dungeon Overview and Level Annotations

Branches:
Dungeon (14/15)            Temple (1/1) D:6            Lair (5/5) D:8
 Shoals (0/4) Lair:3       Spider (4/4) Lair:2        Slime (0/5) Lair:5
    Orc (2/2) D:12            Elf (0/3) Orc:2        Vaults (0/5) D:14
Ossuary (visited)         Gauntlet (visited)

Altars:
Ashenzari
Cheibriados
Dithmenos
Elyvilon
Fedhas
Gozag
Hepliaklqana
Kikubaaqudgha
Makhleb
Nemelex Xobeh
Okawaru
Qazlal
Ru
Sif Muna
Trog
Uskayaw
Vehumet
Wu Jian
Xom
Yredelemnul
Zin
The Shining One
Jiyva

Shops:
D:9 (   D:10 (   Orc:2 ?[=[

Annotations:
D:3 1 runed translucent door, fetfluga's ghost, amateur DsNe
D:13 1 transporter
D:14 Roxanne
Lair:1 2 transporters, Miraos's ghost, journeyman TeHu
Spider:1 3 runed translucent doors, Cerphufev's ghost, adept VSFi; Duhoah Foli's ghost, adept AtWn; Hun Mipn's ghost, adept DERe; Motium's ghost, adept SpEn
Spider:2 2 transporters, Cerphufev's ghost, adept VSFi


Innate Abilities, Weirdness & Mutations

You are immune to sickness and miasma.
Your stone body is resilient. (AC +12)
You are immune to poison.
Your large and strong wings let you fly.
You resist negative energy. (rN+)
You are resistant to electric shocks. (rElec)
You are resistant to unholy torment.
You are immune to petrification.


Message History

Roxanne is moderately damaged.
You sock Roxanne!
Roxanne is moderately damaged.
You hit Roxanne.
Roxanne is moderately damaged.
You hit Roxanne but do no damage.
Roxanne is moderately damaged.
You sock Roxanne! You burn Roxanne.
Roxanne is heavily damaged.
Roxanne mumbles some strange words.
The bolt of magma hits you! You partially resist.
You puncture Roxanne!
Roxanne is heavily damaged.
Roxanne mumbles some strange words.
The crystal spear hits you!!!
You puncture Roxanne!
Roxanne is severely damaged.
You sock Roxanne!
Roxanne is severely damaged.
Roxanne casts a spell.
You blink.
You hit Roxanne but do no damage.
Roxanne is severely damaged.
Roxanne sighs and says, "It wouldn't be so bad were it not for the bird droppings."
Roxanne casts a spell.
The bolt of magma hits you!! You partially resist.
* * * LOW HITPOINT WARNING * * *
You completely miss Roxanne.
Roxanne is severely damaged.
You sock Roxanne! You burn Roxanne.
Roxanne is severely damaged.
Roxanne wails, "NOOOO!"
Unknown command.
You puncture Roxanne! You burn Roxanne.
Roxanne is almost destroyed.
You hit Roxanne but do no damage.
Roxanne is almost destroyed.
Roxanne mumbles some strange words.
The bolt of magma hits you!! You partially resist.
You die...

#..>...
##########.....#
...#####.............#.
.........##############
#.####..# #..# ##..#
#...# #@8.# #...# ##..#
...# ...## #####


You could see Roxanne.

Vanquished Creatures
  Arachne (Spider:3)
  Jorgrun (D:14)
  Gastronok (Lair:1)
  Agnes (D:14)
  6 emperor scorpions
  4 ghost moths
  An orc warlord (Orc:2)
  3 broodmothers
  A spark wasp (Spider:3)
  An ettin (Orc:2)
  An entropy weaver (Spider:3)
  2 hydras
  8 vault guards (D:14)
  2 ogre magi (Orc:2)
  3 catoblepae
  2 centaur warriors (D:13)
  8 two-headed ogres
  A jorogumo (Spider:3)
  2 boulder beetles
  2 radroaches (Spider:3)
  A tengu warrior (D:11)
  5 death yaks (Lair:5)
  4 demonic crawlers
  4 orc high priests (Orc:2)
  5 pharaoh ants
  A sun moth (Spider:1)
  6 orb spiders
  A lindwurm (Lair:5)
  2 steelbarb worms
  A deep elf pyromancer (D:13)
  5 orc knights
  3 manticores
  4 orc sorcerers (Orc:2)
  18 wolf spiders
  11 elephants
  A cyclops (Orc:2)
  2 black mambas
  2 moths of wrath
  An ugly thing (D:7)
  6 torpor snails
  15 cane toads
  Maggie (D:7)
  3 rime drakes
  An unseen horror (D:11)
  8 komodo dragons
  9 trolls
  3 polar bears
  3 meliai
  30 tarantellas
  A wind drake (Lair:3)
  12 blink frogs
  Grinder (D:4)
  4 dream sheep (Lair:4)
  26 culicivoras
  9 slime creatures (D:13)
  17 jumping spiders
  A shadow (D:11)
  Sigmund (D:4)
  A water elemental (D:11)
  43 yaks
  6 wyverns
  2 wraiths
  2 death yak simulacra (D:12)
  A basilisk (D:14)
  46 redbacks
  16 vampire mosquitoes
  13 water moccasins
  5 wargs
  An acid dragon (D:11)
  A hell hound (Gauntlet)
  A swamp drake (D:8)
  48 orc warriors
  A sky beast (D:6)
  2 black bears
  An ice beast (D:5)
  13 wolves
  16 ogres
  11 centaurs
  A phantom (D:7)
  6 kobold brigands
  15 bullfrogs
  An elf zombie (Ossuary)
  4 gnoll sergeants
  4 scorpions
  A cane toad simulacrum (D:12)
  2 two-headed ogre simulacra (D:12)
  An elephant simulacrum (D:12)
  12 killer bees
  2 electric eels (D:11)
  5 howler monkeys
  2 hounds
  A centaur zombie (Ossuary)
  A human zombie (Ossuary)
  7 gnoll boudas
  26 orc priests
  An iron imp (Gauntlet)
  A sleepcap (D:6)
  6 iguanas
  15 orc wizards
  A troll simulacrum (D:12)
  3 mummies
  36 gnolls
  A naga simulacrum (D:12)
  11 adders
  2 river rats (D:5)
  An ufetubus (D:7)
  2 adder zombies (Ossuary)
  6 worms
  2 dart slugs
  85 orcs
  7 endoplasms (D:1)
  2 giant cockroaches (D:2)
  6 goblins
  8 hobgoblins
  2 jackals (D:3)
  2 quokkas
  5 ball pythons
  8 bats
  6 frilled lizards
  4 goblin zombies (Ossuary)
  10 hobgoblin zombies (Ossuary)
  A jackal zombie (Ossuary)
  19 kobolds
  8 kobold zombies (Ossuary)
  7 orc zombies (Ossuary)
  2 rats
  A rat zombie (Ossuary)
871 creatures vanquished.

Vanquished Creatures (collateral kills)
  Bai Suzhen (Spider:3)
  Rupert (Lair:5)
  2 ghost moths
  2 emperor scorpions
  A minotaur (Gauntlet)
  An entropy weaver (Spider:3)
  A tengu warrior (Gauntlet)
  A deep troll shaman (Lair:5)
  5 demonic crawlers
  A pharaoh ant (Spider:3)
  2 orb spiders
  2 wolf spiders
  A steelbarb worm (Spider:3)
  A moth of wrath (Spider:4)
  A rust devil (Gauntlet)
  A torpor snail (Spider:3)
  An efreet (Gauntlet)
  2 tengu conjurers (Gauntlet)
  A meliai (Spider:4)
  3 tarantellas (Spider:3)
  2 jumping spiders (Spider:3)
  A ynoxinul (Gauntlet)
  A culicivora (Spider:4)
  A fire elemental (Gauntlet)
  6 redbacks
  2 hell hounds (Gauntlet)
  An iron imp (Gauntlet)
45 creatures vanquished.

Grand Total: 916 creatures vanquished

Notes
Turn   | Place    | Note
-------+----------+-------------------------------------------
     0 | D:1      | wvc the Gargoyle Earth Elementalist began the quest for the
                  | Orb.
     0 | D:1      | Reached XP level 1. HP: 10/10 MP: 3/3
   113 | D:1      | Reached skill level 4 in Earth Magic
   177 | D:1      | Reached XP level 2. HP: 15/15 MP: 3/5
   519 | D:1      | Reached XP level 3. HP: 12/19 MP: 0/6
  1320 | D:1      | Found a broken altar of Ashenzari.
  1386 | D:2      | Reached skill level 5 in Earth Magic
  1610 | D:1      | Reached XP level 4. HP: 24/24 MP: 4/8
  2373 | D:3      | Found a faded altar of an unknown god.
  2415 | D:3      | Prayed at the altar of an unknown god.
  2415 | D:3      | Became a worshipper of the Shining One
  2415 | D:3      | Reached * piety under the Shining One
  2538 | D:3      | Learned a level 3 spell: Stone Arrow
  2683 | D:3      | Reached XP level 5. HP: 28/28 MP: 7/9
  2712 | D:3      | Found a runed translucent door.
  2857 | D:3      | Noticed fetfluga's ghost (amateur DsNe)
  2899 | D:4      | Reached skill level 6 in Earth Magic
  2928 | D:3      | Reached XP level 6. HP: 30/32 MP: 5/11
  3117 | D:4      | Reached skill level 7 in Earth Magic
  3290 | D:4      | You fall into a shaft and drop 1 floor!
  3290 | D:5      | Entered Level 5 of the Dungeon
  3366 | D:4      | Noticed Sigmund
  3375 | D:4      | Killed Sigmund
  3376 | D:4      | Reached skill level 8 in Earth Magic
  3376 | D:4      | Reached XP level 7. HP: 28/36 MP: 13/13
  3665 | D:4      | Found an iron altar of Okawaru.
  3714 | D:4      | Noticed Grinder
  3924 | D:4      | Paralysed by Grinder for 2 turns
  3930 | D:4      | Killed Grinder
  3934 | D:4      | Found a bloodstained altar of Trog.
  4133 | D:5      | Reached skill level 5 in Spellcasting
  4133 | D:5      | Reached skill level 9 in Earth Magic
  4133 | D:5      | Reached XP level 8. HP: 37/41 MP: 15/15
  4162 | D:5      | Found a snail-covered altar of Cheibriados.
  4193 | D:5      | Reached ** piety under the Shining One
  4575 | D:5      | Identified the +3 spear "Songuror" {pain, *Noise Int+4
                  | Stlth+}
  4752 | D:5      | Reached skill level 10 in Earth Magic
  4810 | D:5      | Found a radiant altar of Vehumet.
  5139 | D:5      | Found a glowing golden altar of the Shining One.
  5203 | D:5      | Reached skill level 1 in Conjurations
  5834 | D:6      | Found a sand-covered staircase.
  5843 | Ossuary  | Entered an ossuary
  5924 | Ossuary  | Reached *** piety under the Shining One
  6010 | Ossuary  | Reached **** piety under the Shining One
  6211 | D:6      | Reached XP level 9. HP: 45/45 MP: 19/19
  6214 | D:6      | Found a staircase to the Ecumenical Temple.
  6225 | Temple   | Entered the Ecumenical Temple
  6310 | D:6      | Found an ornate altar of the Wu Jian Council.
  6610 | D:6      | Learned a level 1 spell: Apportation
  6961 | D:7      | Noticed Maggie
  6975 | D:7      | Killed Maggie
  7097 | D:7      | Found a faded altar of an unknown god.
  7097 | D:7      | Noticed a green ugly thing
  7097 | D:7      | Found the Hermit's Pendant {Faith Invo=14 Evo=0 MP+5}
  7100 | D:7      | Killed a green ugly thing
  7969 | D:8      | Reached XP level 10. HP: 50/50 MP: 23/23
  7978 | D:8      | Reached skill level 10 in Spellcasting
  7988 | D:8      | Reached skill level 5 in Conjurations
  8002 | D:8      | Found a white marble altar of Elyvilon.
  8141 | D:8      | Reached ***** piety under the Shining One
  8359 | D:8      | Found a sparkling altar of Nemelex Xobeh.
  8870 | D:8      | Found a staircase to the Lair.
  9040 | D:9      | Found a broken altar of Ashenzari.
  9209 | D:9      | Found an ancient bone altar of Kikubaaqudgha.
  9278 | D:9      | Found a blossoming altar of Fedhas.
  9316 | D:9      | Found Xopta's Antique Weapon Shop.
  9324 | D:9      | Bought an iridescent flail for 178 gold pieces
  9324 | D:9      | Identified the +7 flail "Woukloiw" {holy, rC+ Will+} (You
                  | bought it in a shop on level 9 of the Dungeon)
  9324 | D:9      | Bought a smouldering long sword for 178 gold pieces
  9324 | D:9      | Identified the +6 long sword of the Fulmar {speed, *Noise
                  | rCorr Int+3} (You bought it in a shop on level 9 of the
                  | Dungeon)
  9611 | D:9      | Reached skill level 10 in Conjurations
  9611 | D:9      | Reached skill level 1 in Maces & Flails
  9897 | D:10     | Entered Level 10 of the Dungeon
  9998 | D:10     | Reached XP level 11. HP: 53/55 MP: 25/25
 10004 | D:10     | Reached skill level 1 in Fighting
 10102 | D:10     | Found Wibruk's Weapon Boutique.
 10122 | D:10     | Found a glowing silver altar of Zin.
 10278 | D:10     | Found a shimmering blue altar of Sif Muna.
 10620 | D:10     | Reached skill level 5 in Maces & Flails
 11074 | D:11     | Learned a level 4 spell: Olgreb's Toxic Radiance
 11089 | D:11     | Noticed a two-headed ogre
 11092 | D:11     | Killed a two-headed ogre
 11357 | D:11     | Noticed a two-headed ogre
 11361 | D:11     | Killed a two-headed ogre
 11362 | D:11     | Reached skill level 5 in Poison Magic
 11431 | D:11     | Noticed a two-headed ogre
 11431 | D:11     | Noticed a tengu warrior
 11434 | D:11     | Killed a tengu warrior
 11442 | D:11     | Killed a two-headed ogre
 11763 | D:11     | Identified a scroll of acquirement
 11763 | D:11     | Acquired the +2 pair of gloves of Decost {rF+ Str+5}
 11826 | D:11     | Found an iron altar of Okawaru.
 12054 | D:12     | Reached ****** piety under the Shining One
 12054 | D:12     | Found a frozen archway.
 12183 | Lair:1   | Entered Level 1 of the Lair of Beasts
 12188 | Lair:1   | Noticed a moth of wrath
 12192 | Lair:1   | Found a gate leading to a gauntlet.
 12192 | Lair:1   | Found a bloodstained altar of Trog.
 12192 | Lair:1   | Noticed Miraos's ghost (journeyman TeHu)
 12192 | Lair:1   | Noticed a spriggan rider
 12197 | Lair:1   | Found a transporter.
 12201 | Lair:1   | Found a transporter.
 12218 | Lair:1   | Noticed Gastronok
 12238 | Lair:1   | Reached XP level 12. HP: 40/62 MP: 24/26
 12242 | Lair:1   | Killed Gastronok
 12507 | Gauntlet | Entered a Gauntlet
 12507 | Gauntlet | Found a transporter.
 12507 | Gauntlet | Found a transporter.
 12508 | Gauntlet | Found a transporter.
 12508 | Gauntlet | Found a transporter.
 12511 | Gauntlet | Found a transporter.
 12511 | Gauntlet | Found a transporter.
 12525 | Gauntlet | Found a transporter.
 12525 | Gauntlet | Found a transporter.
 12535 | Gauntlet | Found a transporter.
 12542 | Gauntlet | Noticed a great orb of eyes
 12629 | Gauntlet | Noticed a tengu warrior
 12639 | Gauntlet | Found a transporter.
 12641 | Gauntlet | Found a transporter.
 12651 | Gauntlet | Found a transporter.
 12732 | Gauntlet | Identified the +1 pair of gloves of Peek-a-Boo {+Inv rF+
                  | Dex+3}
 12745 | Gauntlet | Killed a tengu warrior
 12746 | Gauntlet | Reached skill level 10 in Poison Magic
 12777 | Gauntlet | Identified the ring "Peipt" {Fly rCorr}
 12821 | Gauntlet | Noticed a minotaur
 12823 | Gauntlet | Killed a minotaur
 12824 | Gauntlet | Reached skill level 5 in Fighting
 12828 | Gauntlet | Identified the +0 helmet of Tortelloni {rPois}
 12829 | Gauntlet | Got a resplendent book
 13079 | Lair:1   | Noticed a boulder beetle
 13094 | Lair:1   | Killed a boulder beetle
 13555 | Lair:2   | Noticed a catoblepas
 13569 | Lair:1   | Killed a catoblepas
 13764 | Lair:2   | Found a hole to the Spider Nest.
 13899 | Lair:2   | Noticed a catoblepas
 13911 | Lair:2   | Killed a catoblepas
 13920 | Lair:2   | Acquired 469 gold pieces
 13998 | Lair:2   | Noticed a seven-headed hydra
 14006 | Lair:2   | Killed a seven-headed hydra
 14007 | Lair:2   | Reached XP level 13. HP: 70/76 MP: 21/27
 14920 | Lair:2   | Reached skill level 10 in Maces & Flails
 14927 | Lair:2   | Learned a level 6 spell: Bombard
 15287 | Lair:3   | Found a staircase to the Shoals.
 15540 | Lair:3   | Identified the +5 dagger of Efemupeq {heavy, *Slow Str-5
                  | Int+9 Stlth+}
 16937 | Lair:5   | Entered Level 5 of the Lair of Beasts
 17423 | Lair:5   | Gained mutation: Your large and strong wings let you fly.
                  | [Gargoyle growth]
 17423 | Lair:5   | Reached XP level 14. HP: 86/86 MP: 28/28
 17793 | Lair:5   | Found a viscous altar of Jiyva.
 17926 | Lair:5   | Found a staircase to the Slime Pits.
 18212 | Lair:5   | Noticed Rupert
 18232 | Lair:5   | Killed Rupert
 18233 | Lair:5   | Reached skill level 10 in Fighting
 19085 | Lair:5   | Identified the +9 battleaxe of Saidwaxt {flame, Dex+4}
 19626 | D:12     | Found a staircase to the Orcish Mines.
 20045 | D:12     | Reached skill level 11 in Earth Magic
 20074 | D:12     | Found a stormy altar of Qazlal.
 20170 | Orc:1    | Entered Level 1 of the Orcish Mines
 20316 | Orc:2    | Entered Level 2 of the Orcish Mines
 21071 | Orc:2    | Reached skill level 12 in Earth Magic
 21510 | Orc:2    | Found a staircase to the Elven Halls.
 21580 | Orc:2    | Paralysed by an orc sorcerer for 2 turns
 21593 | Orc:2    | Identified the +3 dire flail of Change {distort, MP+9
                  | Int+2}
 21804 | Orc:2    | Noticed an orc warlord
 21822 | Orc:2    | Killed an orc warlord
 22126 | Orc:2    | Reached XP level 15. HP: 81/92 MP: 29/29
 22201 | Orc:2    | Found Iroes's Jewellery Boutique.
 22288 | Orc:2    | Found Yluj's Armour Shop.
 22294 | Orc:2    | Reached skill level 13 in Earth Magic
 23014 | Orc:2    | Found Gopaal's Magic Scroll Shoppe.
 23088 | Orc:2    | Bought a scroll of blinking for 112 gold pieces
 23088 | Orc:2    | Bought a scroll of teleportation for 45 gold pieces
 23088 | Orc:2    | Bought a scroll of revelation for 112 gold pieces
 23088 | Orc:2    | Bought a scroll of fog for 60 gold pieces
 23088 | Orc:2    | Bought a scroll of teleportation for 45 gold pieces
 23088 | Orc:2    | Bought a scroll of blinking for 112 gold pieces
 23124 | Orc:2    | Found Kinuituni's Antique Armour Boutique.
 23191 | Orc:2    | Reached skill level 14 in Earth Magic
 23596 | Spider:1 | Entered Level 1 of the Spider Nest
 24123 | Spider:1 | Noticed an emperor scorpion
 24139 | Spider:1 | Killed an emperor scorpion
 24140 | Spider:1 | Reached skill level 15 in Earth Magic
 24410 | Spider:1 | Found a runed translucent gate.
 24410 | Spider:1 | Found a runed translucent gate.
 24410 | Spider:1 | Found a runed translucent gate.
 24417 | Spider:1 | Noticed Hun Mipn's ghost (adept DERe)
 24417 | Spider:1 | Noticed Duhoah Foli's ghost (adept AtWn)
 24418 | Spider:1 | Noticed Motium's ghost (adept SpEn)
 24418 | Spider:1 | Noticed Cerphufev's ghost (adept VSFi)
 25019 | Spider:1 | Reached skill level 16 in Earth Magic
 25044 | Spider:1 | Noticed a ghost moth
 25176 | Spider:1 | HP: 4/92 [ghost moth (9)]
 25177 | Spider:1 | Killed a ghost moth
 25529 | Spider:1 | Identified the +11 morningstar "Mogul" {flame, Int+3}
 26099 | Spider:2 | Found a transporter.
 26106 | Spider:2 | Noticed Cerphufev's ghost (adept VSFi)
 26115 | Spider:2 | Found a transporter.
 26119 | Spider:2 | Noticed an emperor scorpion
 26125 | Spider:2 | Noticed an emperor scorpion
 26130 | Spider:2 | Noticed a ghost moth
 26285 | Spider:2 | Reached skill level 17 in Earth Magic
 26486 | Spider:3 | Noticed Arachne
 26854 | Spider:1 | Upgraded the game from 0.31-a0-876-gfe8ebadbca to
                  | 0.31-a0-879-g1609e0ac53
 26961 | Spider:2 | Reached XP level 16. HP: 97/97 MP: 31/31
 27635 | Spider:3 | Killed Arachne
 27783 | Spider:3 | Reached skill level 18 in Earth Magic
 28346 | Spider:3 | Identified the +1 scale mail of Tomorrow {rF- rN+ Dex+3
                  | Stlth+}
 28914 | Spider:3 | Noticed Bai Suzhen
 29081 | Spider:4 | Entered Level 4 of the Spider Nest
 29722 | Spider:3 | Identified the +3 spear "Keffaipp" {speed, Will- rCorr
                  | Str+6}
 31044 | Spider:4 | Reached XP level 17. HP: 83/102 MP: 19/34
 31068 | Spider:4 | Got a gossamer rune of Zot
 31474 | Spider:3 | Killed Bai Suzhen
 33400 | D:13     | Found a transporter.
 33402 | D:13     | Found a transporter.
 33421 | D:13     | Found a transporter.
 33850 | D:13     | Found a transporter.
 34178 | D:14     | Noticed Agnes
 34186 | D:14     | Killed Agnes
 34400 | D:14     | Noticed Jorgrun
 34415 | D:14     | Killed Jorgrun
 34527 | D:14     | Found a gate to the Vaults.
 35106 | D:14     | Noticed Roxanne
 35166 | D:14     | Killed from afar by Roxanne

Illustrated notes

Levels and vault maps discovered:
D:1:      dpeg_arrival_water_altar, layout_basic, minmay_misc_feat_more_columns
D:2:      layout_basic
D:3:      layout_rooms, basic_ecumenical_altar, ebering_ghost_reflecting_pool
D:4:      layout_rooms, mainiacjoe_overflow_alcove_1, lightli_temple_of_fire,
          minmay_stone_trees_small, minmay_misc_feat_four_crosses,
          minmay_misc_feat_ornament, uniq_grinder, uniq_sigmund
D:5:      layout_basic, tso_altar, mainiacjoe_overflow_surrounded_room,
          fiery_altar_vehumet, lightli_sewer_entry_pipes,
          minmay_misc_feat_pillars
D:6:      layout_cave_pods, nicolae_wu_jian_wuxing_cycle,
          minmay_temple_entry_slanted, gup_ossuary_entry_pyramid
D:7:      layout_basic, hellmonk_guarded_unrand_hermit, uniq_maggie
D:8:      layout_basic, kennysheep_mini_moat, nicolae_elyvilon_peaceful_grove,
          erik_lair_dragon
D:9:      layout_basic, nicolae_ashenzari_panopticon,
          mainiacjoe_overflow_24_doors, mainiacjoe_overflow_boulevard,
          serial_shops, shop
D:10:     layout_irregular_city, zin_academy,
          mainiacjoe_overflow_six_doors_small, serial_shops, shop,
          hangedman_decor_slide_cut, minmay_misc_feat_enclosed
D:11:     cheibrodos_barr_body, layout_loops_ring, nrook_pool_corridor,
          okawaru_altar_gauntlet_db
D:12:     layout_cross, kennysheep_orc_monster_closet_entryway,
          portal_ice_cave_entry_ice_simulacra, nicolae_qazlal_general_emergency
D:13:     kennysheep_seaside_town, layout_cave_pools, nicolae_transporter_circle
D:14:     layout_loops_ring, erik_vaults_2, uniq_agnes, uniq_roxanne,
          uniq_jorgrun
Temple:   hellmonk_temple_beads
Lair:1:   layout_small_grid, gauntlet_entry_generic, enter_volcano_2,
          gammafunk_ghost_wrathful_warriors, lemuel_fruit_tree, uniq_gastronok
Lair:2:   layout_roguey, hellmonk_spider_entry_not_the_bees, serial_bayou_ford_a
Lair:3:   layout_misc_corridors, minmay_shoals_entry_beasts, grunt_megastairs_4
Lair:4:   layout_roguey, infiniplex_staircase_pool
Lair:5:   grunt_lair_end_beastmaster, layout_regular_city, slime_entry_1,
          grunt_forest_small_clearing_treed, uniq_rupert
Spider:1: layout_spider_delve, gammafunk_ghost_cemetery
Spider:2: layout_cave_pods, nzn_ghost_randoct
Spider:3: layout_chambers, hellmonk_test_site, uniq_arachne, uniq_bai_suzhen
Spider:4: grunt_spider_rune_parallel
Orc:1:    layout_diamond_mine
Orc:2:    pubby_orc_utopia

Skill      XL: |  1  2  3  4  5  6  7  8  9 10 11 12 13 14 15 16 17 |
---------------+----------------------------------------------------+-----
Earth Magic    | 4 5 6 8 9 10 12 17 18 | 18.0
Spellcasting   | 3 4 5 7 9 10 11 13 14 | 14.6
Conjurations   | 2 4 10 13 14 | 14.0
Maces & Flails | 3 5 8 12 14 | 14.0
Fighting       | 1 6 9 10 | 10.0
Poison Magic   | 8 10 | 10.0
Dodging        | |  1.5
Stealth        | |  2.1
Transmutations | |  0.7

Action                     |  1- 3 |  4- 6 |  7- 9 | 10-12 | 13-15 | 16-18 || total
---------------------------+-------+-------+-------+-------+-------+-------++-------
  Melee: Unarmed           |     1 |       |       |       |       |       ||     1
         Long sword        |       |     3 |       |       |       |       ||     3
         Spear             |       |       |     8 |     1 |       |       ||     9
         Flail             |       |       |       |    52 |    49 |       ||   101
         Punch             |       |       |       |     2 |     2 |     1 ||     5
         Staff             |       |       |       |       |    20 |       ||    20
         Morningstar       |       |       |       |       |    66 |   219 ||   285
  Throw: Dart              |     3 |       |     2 |       |       |       ||     5
   Cast: Sandblast         |    51 |    59 |   185 |   181 |   443 |    80 ||   999
         Stone Arrow       |       |       |     8 |    96 |   317 |   238 ||   659
         Olgreb's Toxic Ra |       |       |       |     9 |    57 |    19 ||    85
         Bombard           |       |       |       |       |     3 |       ||     3
         Apportation       |       |       |       |       |       |     1 ||     1
 Invoke: Divine Shield     |       |       |       |     2 |       |       ||     2
         Summon Divine War |       |       |       |     1 |     5 |    11 ||    17
         Cleansing Flame   |       |       |       |       |       |     6 ||     6
  Evoke: Wand              |       |       |     1 |       |     2 |     1 ||     4
    Use: Scroll            |       |    12 |     8 |     8 |     7 |     2 ||    37
         Potion            |       |       |     1 |       |     4 |     1 ||     6
 Armour: Robe              |    16 |    14 |    54 |       |       |       ||    84
         Swamp dragon scal |       |       |       |   172 |   644 |   528 ||  1344
  Dodge: Dodged            |    29 |    30 |    85 |   190 |   567 |   316 ||  1217
  Block: Other             |       |       |       |     4 |       |       ||     4

Table legend: (Time is in decaauts)
 A = Elapsed time spent in this place.
 B = Non-inter-level travel time spent in this place.
 C = Inter-level travel time spent in this place.
 D = Time resting spent in this place.
 E = Time spent auto-exploring this place.
 F = Levels seen in this place.
 G = Mean time per level.
                   A        B        C        D        E       F      G
               +--------+--------+--------+--------+--------+-----+--------+
         Total |  35702 |  34015 |   1687 |   7762 |  19652 |  28 | 1275.1 |
       Dungeon |  15631 |  14557 |   1074 |   2045 |   9973 |  14 | 1116.5 |
        Temple |      1 |      1 |      0 |      0 |      0 |   1 |    1.0 |
          Lair |   7306 |   7001 |    305 |   1572 |   4183 |   5 | 1461.2 |
   Spider Nest |   8748 |   8515 |    233 |   3152 |   3630 |   4 | 2187.0 |
  Orcish Mines |   3335 |   3261 |     74 |    957 |   1596 |   2 | 1667.5 |
       Ossuary |    348 |    348 |      0 |     35 |    106 |   1 |  348.0 |
      Gauntlet |    330 |    330 |      0 |      0 |    163 |   1 |  330.0 |
               +--------+--------+--------+--------+--------+-----+--------+

Top non-repeatable levels by time:
   Orc:2: 3169 daAuts
Spider:1: 2599 daAuts
Spider:3: 2389 daAuts
Spider:4: 2210 daAuts
  Lair:5: 1965 daAuts
  Lair:2: 1687 daAuts
Spider:2: 1549 daAuts
    D:13: 1503 daAuts
     D:8: 1489 daAuts
     D:5: 1421 daAuts
     D:1: 1407 daAuts
  Lair:4: 1334 daAuts
    D:11: 1329 daAuts
  Lair:1: 1243 daAuts
     D:4: 1142 daAuts
